 Dungeon Crawl Stone Soup version 0.30.0-19-g36f170ea60 (webtiles) character file.

Game seed: 16134541618886596939

1241 cheesebisquit the Trooper (level 8, -4/71 HPs)
             Began as a Pale Draconian Conjurer on May 26, 2023.
             Was a Follower of Vehumet.
             Slain by a wraith (9 damage)
             ... in an ossuary.
             The game lasted 00:21:51 (8038 turns).

cheesebisquit the Trooper (Pale Draconian Conjurer) Turns: 8038, Time: 00:21:51

Health: -4/71      AC:  8    Str: 10    XL:     8   Next: 25%
Magic:  1/11       EV: 13    Int: 20    God:    Vehumet [*.....]
Gold:   154        SH:  0    Dex: 10    Spells: 10/11 levels left

rFire   . . .        c - +1 dagger (vamp)
rCold   . . .        (no shield)
rNeg    . . .        (body armour unavailable)
rPois   .            (helmet restricted)
rElec   .            (no cloak)
rCorr   .            (no gloves)
SInv    .            e - +1 pair of boots
Will    .....        (no amulet)
Stlth   +++          (no ring)
HPRegen 0.31/turn    (no ring)
MPRegen 0.12/turn

%: no passive effects
@: slowed, very slow
A: breathe steam, AC +6, unfitting armour, cold-blooded, steam resistance
a: Breathe Steam, Renounce Religion


You were in an ossuary.
You worshipped Vehumet.
Vehumet was aware of your devotion.
You visited 1 branch of the dungeon, and saw 5 of its levels.
You also visited: Ossuary.

You collected 212 gold pieces.
You spent 58 gold pieces at shops.

Inventory:

Hand Weapons
 c - a +1 vampiric dagger (weapon)
Missiles
 k - 4 poisoned darts
Armour
 e - a +1 pair of boots (worn)
Scrolls
 a - a scroll of fog {unknown}
 b - a scroll of poison {unknown}
 h - 3 scrolls of fear
 i - a scroll of immolation {unknown}
 j - a scroll of amnesia {unknown}
Potions
 d - 2 potions of attraction
 f - 3 potions of degeneration
 g - 3 potions of curing
 m - 3 potions of mutation


   Skills:
 + Level 6.5 Fighting
 + Level 5.8 Dodging
 - Level 5.1 Stealth
 - Level 0.1 Unarmed Combat
 - Level 2.0 Spellcasting
 - Level 4.0 Conjurations


You had 10 spell levels left.
You knew the following spells:

 Your Spells              Type           Power      Damage    Failure   Level
a - Magic Dart            Conj           72%        1d6       3%          1

Your spell library contained the following spells:

 Spells                   Type           Power      Damage    Failure   Level
 Freeze                   Ice            8%         1d3       16%         1
 Searing Ray              Conj           36%        2d5       4%          2
 Necrotise                Necr           8%         1d4       16%         1
 Slow                     Hex            8%         N/A       16%         1
 Dazzling Flash           Conj/Hex       20%        N/A       21%         3
 Sublimation of Blood     Necr           2%         N/A       24%         2
 Confusing Touch          Hex            2%         N/A       43%         3
 Vampiric Draining        Necr           2%         2d6       43%         3
 Fulminant Prism          Conj/Hex       5%         3d7       56%         4
 Iskenderun's Mystic Bla  Conj/Tloc      10%        2d4       56%         4
 Petrify                  Tmut/Erth      2%         N/A       83%         4
 Irradiate                Conj/Tmut      5%         3d13      88%         5
 Agony                    Necr           2%         N/A       99%         5


Dungeon Overview and Level Annotations

Branches:
Dungeon (5/15)            Ossuary (1/1)
 Temple: D:4-7

Altars:
Fedhas
Kikubaaqudgha
Qazlal
Ru
Vehumet
Yredelemnul

Shops:
D:4 *


Innate Abilities, Weirdness & Mutations

You can breathe blasts of scalding, opaque steam.
Your pale cyan-grey scales are hard. (AC +6)
You cannot fit into any form of body armour.
You are cold-blooded and may be slowed by cold attacks.
You are immune to the effects of steam.


Message History

The magic dart hits the wraith but does no damage.
The wraith is heavily damaged.
The wraith hits you. The wraith drains your vigour!
You feel as though you will be slow longer.
The wraith hits you!
You barely miss the wraith.
The wraith is heavily damaged.
The wraith hits you but does no damage.
You hit the wraith but do no damage.
Your tail-slap misses the wraith.
The wraith is heavily damaged.
The wraith closely misses you. The wraith barely misses you.
You hit the wraith but do no damage.
The wraith is heavily damaged.
The wraith hits you but does no damage.
You hit the wraith but do no damage.
The wraith is heavily damaged.
The wraith hits you!
* * * LOW HITPOINT WARNING * * *
The wraith misses you.
You closely miss the wraith.
The wraith is heavily damaged.
The wraith hits you!
* * * LOW HITPOINT WARNING * * *
The wraith drains your vigour!
You feel as though you will be slow longer.
You hit the wraith but do no damage.
The wraith is heavily damaged.
The wraith hits you.
* * * LOW HITPOINT WARNING * * *
The wraith hits you.
* * * LOW HITPOINT WARNING * * *
The wraith drains your vigour!
You feel as though you will be slow longer.
You barely miss the wraith.
Your tail-slap misses the wraith.
The wraith is heavily damaged.
The wraith hits you but does no damage.
You hit the wraith but do no damage.
The wraith is heavily damaged.
The wraith barely misses you. The wraith hits you!
You die...

.#..#.#..# #..#.#..#.#..#
'#..#'#..#+#..#'#..#'#..#
.#..#.#..#.#..#.#..#.#..#
........................#
........................#
###......###......####..#
.'...8...#.#...8...'.#..#
###......#'#......####..#
.........#.#...W@.......#
........................#
###.####.....####.####..#
.'..#.'...8...+ #..'.#..#
###.####.....####.####..#
........................#
.........#.#............#
###......#+#......####..#
.'...8...# #...8...'.#..#


You could see a wraith.

Vanquished Creatures
  Prince Ribbit (D:4)
  Sigmund (D:2)
  An ogre (D:4)
  A black bear (D:3)
  A centaur (D:4)
  3 scorpions
  An orc priest (D:4)
  2 hounds
  3 iguanas
  A sleepcap (D:4)
  An orc wizard (D:4)
  A mummy (Ossuary)
  Robin (D:2)
  7 adders
  3 gnolls (D:4)
  A worm (D:2)
  4 dart slugs
  5 orcs
  6 ball pythons
  9 endoplasms
  3 giant cockroaches
  16 goblins
  15 hobgoblins
  8 jackals
  3 kobolds (D:1)
  6 quokkas
  7 bats
  6 frilled lizards
  2 gnoll zombies
  3 goblin zombies (Ossuary)
  3 hobgoblin zombies (Ossuary)
  3 kobold zombies (Ossuary)
  7 rats
135 creatures vanquished.

Notes
Turn   | Place    | Note
-------+----------+-------------------------------------------
     0 | D:1      | cheesebisquit the Draconian Conjurer began the quest for
                  | the Orb.
     0 | D:1      | Reached XP level 1. HP: 14/14 MP: 3/3
   201 | D:1      | Reached XP level 2. HP: 22/22 MP: 0/5
   305 | D:1      | Reached skill level 1 in Fighting
   497 | D:1      | Found a faded altar of an unknown god.
   739 | D:1      | Reached XP level 3. HP: 28/28 MP: 4/6
  1438 | D:2      | Noticed Robin
  1569 | D:2      | Reached skill level 2 in Fighting
  1630 | D:2      | Reached XP level 4. HP: 31/36 MP: 0/7
  1673 | D:2      | Killed Robin
  2075 | D:2      | Found a sacrificial altar of Ru.
  2161 | D:2      | Noticed Sigmund
  2211 | D:2      | Killed Sigmund
  2212 | D:2      | Reached skill level 3 in Fighting
  2212 | D:2      | Reached XP level 5. HP: 6/45 MP: 1/8
  2212 | D:2      | Reached XP level 6. HP: 7/51 MP: 1/9
  2923 | D:3      | Found a radiant altar of Vehumet.
  2936 | D:3      | Became a worshipper of Vehumet
  4360 | D:3      | Reached skill level 4 in Fighting
  4581 | D:4      | Your scales start taking on a pale cyan-grey colour.
  4581 | D:4      | Reached XP level 7. HP: 29/60 MP: 0/10
  4581 | D:4      | Gained mutation: You are immune to the effects of steam.
                  | [Pale Draconian growth]
  4713 | D:4      | Found a stormy altar of Qazlal.
  4721 | D:4      | Found Lacioly's Assorted Antiques.
  4797 | D:4      | Bought a scroll of identify for 58 gold pieces
  5165 | D:3      | Reached skill level 5 in Fighting
  5165 | D:3      | Reached skill level 5 in Stealth
  5787 | D:4      | Reached skill level 5 in Dodging
  6403 | D:4      | Found a blossoming altar of Fedhas.
  6403 | D:4      | Found an ancient bone altar of Kikubaaqudgha.
  6410 | D:4      | Found a basalt altar of Yredelemnul.
  6549 | D:4      | Reached * piety under Vehumet
  6549 | D:4      | Offered knowledge of Freeze by Vehumet.
  6855 | D:5      | Entered Level 5 of the Dungeon
  6855 | D:5      | Noticed Prince Ribbit
  6912 | D:4      | Killed Prince Ribbit
  6913 | D:4      | Reached skill level 6 in Fighting
  6913 | D:4      | Reached XP level 8. HP: 38/71 MP: 0/11
  7132 | D:5      | Found a sand-covered staircase.
  7145 | Ossuary  | Entered an ossuary
  7734 | Ossuary  | HP: 3/71 [wraith (2)]
  8038 | Ossuary  | Slain by a wraith

Illustrated notes

Levels and vault maps discovered:
D:1:      minmay_arrival_up_and_down, layout_basic,
          hellmonk_ecumenical_altar_leap_of_faith, minmay_fountain_box,
          glass_columns_a, minivault_23, minmay_misc_feat_doors
D:2:      layout_loops_cross, basic_altar, nicolae_elevator_lobby_plus,
          uniq_robin, uniq_sigmund
D:3:      kennysheep_big_flooded_room, layout_loops_ring,
          overflow_temple_1_default, minmay_misc_feat_rows,
          nicolae_hexahallways, chequers_serial_rivers_small_a,
          kennysheep_generic_room_12
D:4:      layout_basic, mainiacjoe_overflow_catwalk,
          gammafunk_temple_overflow_forgotten, serial_shops, shop,
          minmay_bisected
D:5:      layout_loops_ring, enter_ossuary_3, uniq_duvessa, uniq_edmund,
          uniq_blork_the_orc, uniq_prince_ribbit1
Ossuary:  ossuary_kennysheep_city_of_the_dead

Skill      XL: |  1  2  3  4  5  6  7 |
---------------+----------------------+-----
Stealth        | 2 3 4 5 |  5.1
Dodging        | 2 3 4 5 |  5.8
Fighting       | 1 2 3 4 6 |  6.5
Unarmed Combat | |  0.1
Spellcasting   | |  2.0
Conjurations   | |  4.0

Action                     |  1- 3 |  4- 6 |  7- 9 || total
---------------------------+-------+-------+-------++-------
  Melee: Unarmed           |     5 |       |       ||     5
         Dagger            |    52 |    77 |    99 ||   228
         Tailslap          |    13 |     5 |    17 ||    35
         Punch             |     1 |       |       ||     1
   Cast: Magic Dart        |    86 |   125 |   228 ||   439
    Use: Scroll            |     3 |     1 |     5 ||     9
         Potion            |     1 |     3 |     3 ||     7
 Armour: Skin              |    28 |    51 |    69 ||   148
  Dodge: Dodged            |    37 |    90 |   133 ||   260
